[Event "*** Titled Tuesday 3|2 Blitz (Late)"]
[Site "Chess.com"]
[Date "2016.12.06"]
[Round "5"]
[White "Wilsonpalencia"]
[Black "Zlatan56"]
[Result "1/2-1/2"]
[WhiteElo "2454"]
[BlackElo "2653"]
[TimeControl "180+2"]
[EndTime "18:01:36 PST"]
[Termination "Game drawn - insufficient material"]

1. e4 g6 2. d4 Bg7 3. Nc3 d6 4.
f4 Nf6 5. Nf3 O-O 6. e5 dxe5 7.
fxe5 Nd5 8. Nxd5 Qxd5 9. c4 Qd8 10. Be2 Bg4 11. h3 Bxf3 12. Bxf3 c6 13. O-O Qb6 14.
c5 Qc7 15. Be3 Nd7 16. Rb1 e6 17. b4 Rad8 18. Qa4 a6 19. Qb3 Rfe8 20. a4 f6 21.
Bg4 Kf7 22. b5 h5 23. Be2 axb5 24. axb5 Kg8 25. Bd3 Kh7 26. Qd1 f5 27. b6 Qb8 28.
Qf3 Nxe5 29. dxe5 Rxd3 30. Qe2 Rd5 31. Ra1 Qxe5 32. Ra7 Re7 33. Re1 Qxe3+ 34. Qxe3 Bd4 35. Qxd4 Rxd4 36. Raa1 Rd5 37. Rac1 Kg7 38. Red1 Red7 39. Rxd5 Rxd5 40. Ra1 Kf6 41. Ra7 Rxc5 42. Rxb7 Rb5 43. Kf2 Ke5 44. Rb8 g5 45. b7 g4 46. Kg3 Rb3+ 47. Kh4 gxh3 48. gxh3 c5 49. Kxh5 Rxh3+ 50. Kg5 Rb3 51. Rc8 Rxb7 52. Rxc5+ Ke4 53. Rc1 Rg7+ 54. Kf6 Rg3 55. Rc4+ Kd5 56. Ra4 Re3 57. Ra5+ Ke4 58.
Kxe6 f4 59. Ra4+ Kd3+ 60. Kf5 f3 61. Ra2 Kd4 62. Kf4 Rc3 63. Rd2+ Rd3 64. Rxd3+ Kxd3 65. Kxf3 1/2-1/2

[Event "*** Titled Tuesday 3|2 Blitz (Late)"]
[Site "Chess.com"]
[Date "2016.12.06"]
[Round "5"]
[White "Divertissement"]
[Black "LawrenceTrent"]
[Result "0-1"]
[WhiteElo "2422"]
[BlackElo "2435"]
[TimeControl "180+2"]
[EndTime "18:01:44 PST"]
[Termination "LawrenceTrent won by resignation"]

1. Nf3 g6 2. g3 Bg7 3. Bg2 Nf6 4.
O-O O-O 5. c4 d6 6. Nc3 Nc6 7.
d4 Rb8 8. b3 e5 9. d5 Ne7 10.
e4 Nd7 11. Be3 a6 12. Qd2 f5 13. Ng5 f4 14. gxf4 exf4 15. Bd4 Bxd4 16. Qxd4 Ne5 17. f3 c5 18. dxc6 N7xc6 19. Qd5+ Kg7 20. Ne6+ Bxe6 21.
Qxe6 Rf6 22. Qd5 g5 23. Rad1 Qb6+ 24. Kh1 Qe3 25. Qd2 Qc5 26. Nd5 Rh6 27. Qf2 Re8 28. Qxc5 dxc5 29. a3 a5 30. Rb1 Ree6 31. b4 cxb4 32.
c5 Nd3 33. axb4 Ndxb4 34. Nb6 Rh4 35. Rfd1 Reh6 36. h3 Ne5 37. Kg1 Rxh3 38. Bxh3 Rxh3 39. Kg2 Rg3+ 40. Kh1 Nxf3 41. Rd7+ Kg6 42. Rbd1 h6 43. Nc4 Nc2 44. R7d3 Nce1 45. Ne5+ Kh5 46. Nxf3 Nxf3 47. Rf1 Kg4 48. Rdxf3 Rxf3 49. Rg1+ Kh3 50. e5 Re3 51. c6 bxc6 52. Rc1 Rxe5 53. Kg1 g4 54.
Kh1 g3 55. Rg1 f3 56. Rd1 f2 0-1

[Event "*** Titled Tuesday 3|2 Blitz (Late)"]
[Site "Chess.com"]
[Date "2016.12.06"]
[Round "5"]
[White "LornerAcosta"]
[Black "Apocalyps999"]
[Result "0-1"]
[WhiteElo "2367"]
[BlackElo "2424"]
[TimeControl "180+2"]
[EndTime "18:02:29 PST"]
[Termination "Apocalyps999 won by resignation"]

1. Nf3 d5 2. c4 c6 3. Qc2 Nf6 4. b3 g6 5. Bb2 Bf5 6. d3 Bg7 7. g3 O-O 8. Bg2 a5 9. a3 Nbd7 10. O-O Qb6 11. Nbd2 Rfe8 12. Ne5 Nxe5 13. Bxe5 Bh6 14.
Rab1 Nd7 15. Ba1 Rac8 16. Qb2 d4 17. Nf3 e5 18. b4 a4 19. c5 Qb5 20. Nd2 Be6 21. Ne4 Bf8 22. f4 f5 23. Ng5 Bg7 24. Kh1 Bd5 25. Nf3 exf4 26. gxf4 Bxf3 27. Bxf3 Rcd8 28. Rg1 Nf6 29. Qd2 Nd5 30. Rbf1 Ne3 31. Rf2 Bh6 32. Bg2 Bg7 33. Bb2 Ng4 34. Rff1 Ne3 35.
Rf3 b6 36. cxb6 Qxb6 37. Qc1 Kh8 38. Rg3 Re6 39. Qb1 Qc7 40. Rf3 Nd5 41. Qc1 Rxe2 42. Bf1 Re3 43. Rgg3 Rxf3 44. Rxf3 Ne3 45. Be2 Re8 46. Qc5 Nd5 47. Bf1 Nc3 48. Bxc3 dxc3 49. d4 Re4 50. Qxc3 Bxd4 51. Qc1 h5 52. Bd3 Re6 53.
Kg2 Qd6 54. Qc4 Kh7 55. Qc2 Re1 56. Bf1 Qd5 57. Qd3 h4 58. Kh3 Re4 59. Kxh4 Qd8+ 60. Kg3 g5 61. Kg2 gxf4 62. Rh3+ Kg8 63. Qc4+ Kg7 64. Kh1 Qg5 65. Rh7+ Kxh7 66. Qf7+ Bg7 67. Bg2 0-1

[Event "*** Titled Tuesday 3|2 Blitz (Late)"]
[Site "Chess.com"]
[Date "2016.12.06"]
[Round "6"]
[White "Scott-fox21"]
[Black "silverback96"]
[Result "1-0"]
[WhiteElo "2183"]
[BlackElo "1997"]
[TimeControl "180+2"]
[EndTime "18:06:59 PST"]
[Termination "Scott-fox21 won by resignation"]

1. d4 Nf6 2. c4 c5 3. d5 e6 4. Nc3 exd5 5. cxd5 d6 6. Nf3 g6 7.
Qa4+ Nbd7 8. Bf4 a6 9. e4 b5 10.
Bxb5 axb5 11. Qxa8 b4 12. Nb5 Nxe4 13. O-O Bg7 14.
Rfe1 f5 15. Nxd6+ Ke7 16. Nxe4 fxe4 17. Rxe4+ Kf8 18. Ng5 Nf6 19. Ne6+ 1-0

[Event "*** Titled Tuesday 3|2 Blitz (Late)"]
[Site "Chess.com"]
[Date "2016.12.06"]
[Round "6"]
[White "LPSupi"]
[Black "HarutyunianTigranK"]
[Result "1-0"]
[WhiteElo "2615"]
[BlackElo "2628"]
[TimeControl "180+2"]
[EndTime "18:07:00 PST"]
[Termination "LPSupi won by resignation"]

1. d4 d5 2. c4 e6 3. Nf3 Nf6 4. Nc3 Be7 5. Bg5 O-O 6. e3 h6 7. Bh4 b6 8. Be2 Bb7 9. Bxf6 Bxf6 10. cxd5 exd5 11. b4 c5 12. bxc5 bxc5 13. Rb1 Bc6 14. O-O Nd7 15. Bb5 Qc7 16. Qd3 Rac8 17. Rfc1 Rfd8 18.
h3 g6 19. dxc5 Nxc5 20. Qd1 Bxb5 21. Nxb5 Ne4 22. Rxc7 1-0

[Event "*** Titled Tuesday 3|2 Blitz (Late)"]
[Site "Chess.com"]
[Date "2016.12.06"]
[Round "6"]
[White "Viaje"]
[Black "KNVB"]
[Result "0-1"]
[WhiteElo "2275"]
[BlackElo "2548"]
[TimeControl "180+2"]
[EndTime "18:07:19 PST"]
[Termination "KNVB won by resignation"]

1. d4 Nf6 2. c4 e6 3. Nc3 Bb4 4. f3 d5 5. a3 Bxc3+ 6. bxc3 O-O 7. cxd5 exd5 8. e3 Bf5 9. Ne2 c5 10. g4 Nxg4 11. fxg4 Qh4+ 12. Kd2 Bxg4 13. Qe1 Qh6 14. Qg3 Bf5 15. Bg2 Nc6 16. Bxd5 cxd4 17. Bxc6 dxc3+ 18. Nxc3 Qxc6 19. Bb2 Rad8+ 20. Kc1 Qxh1+ 0-1

[Event "*** Titled Tuesday 3|2 Blitz (Late)"]
[Site "Chess.com"]
[Date "2016.12.06"]
[Round "6"]
[White "calemcc"]
[Black "chesstatour"]
[Result "1-0"]
[WhiteElo "2110"]
[BlackElo "1889"]
[TimeControl "180+2"]
[EndTime "18:07:59 PST"]
[Termination "calemcc won by resignation"]

1. d4 f5 2. c4 Nf6 3. Nf3 g6 4.
g3 Bg7 5. Bg2 O-O 6. O-O d6 7. b4 c6 8. Bb2 Na6 9. Qb3 Kh8 10.
Nbd2 Bd7 11. a4 Nc7 12. Rfe1 Rb8 13. b5 Ne6 14. e4 fxe4 15. Nxe4 Nxe4 16. Rxe4 c5 17.
d5 Nc7 18. Bxg7+ Kxg7 19. Rae1 Re8 20. Qc3+ Kg8 21. Qe3 e5 22. dxe6 Bxe6 23. Qh6 Bf5 24. Ng5 Qd7 25. Rxe8+ Rxe8 26. Rxe8+ Nxe8 27. Bd5+ 1-0

[Event "*** Titled Tuesday 3|2 Blitz (Late)"]
[Site "Chess.com"]
[Date "2016.12.06"]
[Round "6"]
[White "DanielNaroditsky"]
[Black "Paralinch"]
[Result "1-0"]
[WhiteElo "2707"]
[BlackElo "2655"]
[TimeControl "180+2"]
[EndTime "18:08:12 PST"]
[Termination "DanielNaroditsky won by checkmate"]

1. d4 d5 2. Bf4 c5 3. e3 Nc6 4.
Bb5 e6 5. c4 cxd4 6. exd4 Nf6 7. Nf3 Be7 8. Nc3 O-O 9. O-O a6 10. Bxc6 bxc6 11. c5 Nd7 12. b4 a5 13. b5 cxb5 14. Nxb5 Ba6 15. a4 Qc8 16. Qd2 Qc6 17. Rab1 Rfc8 18. Rfc1 f6 19. Qxa5 e5 20. dxe5 Bxc5 21.
Nbd4 Qc7 22. Qxc7 Rxc7 23. exf6 Rcc8 24. fxg7 Bc4 25. Rb7 Nf6 26. Nf5 Ng4 27. h3 Bxf2+ 28. Kh1 Ba6 29. Rxc8+ Rxc8 30. Rd7 Nf6 31. Nh6# 1-0

[Event "*** Titled Tuesday 3|2 Blitz (Late)"]
[Site "Chess.com"]
[Date "2016.12.06"]
[Round "6"]
[White "stalyansky"]
[Black "GM_Barcenilla"]
[Result "0-1"]
[WhiteElo "2137"]
[BlackElo "2660"]
[TimeControl "180+2"]
[EndTime "18:08:21 PST"]
[Termination "GM_Barcenilla won on time"]

1. e4 e5 2. Nf3 Nc6 3. Bb5 a6 4.
Ba4 Nf6 5. O-O b5 6. Bb3 Be7 7. Re1 O-O 8. d3 d6 9. c3 Na5 10. Bc2 c5 11. Nbd2 h6 12. Nf1 Re8 13. Ne3 Bf8 14.
a4 Bb7 15. b4 cxb4 16. cxb4 Nc6 17. Bd2 d5 18. axb5 axb5 19. Rxa8 Bxa8 20. Qb1 dxe4 21. dxe4 Nd4 22. Nxd4 Qxd4 23. Rd1 Bxe4 24. Nf5 Bxf5 25. Bxf5 e4 26. Be3 Qe5 27. Bf4 Qxf5 0-1

[Event "*** Titled Tuesday 3|2 Blitz (Late)"]
[Site "Chess.com"]
[Date "2016.12.06"]
[Round "6"]
[White "FearlessKing64"]
[Black "AllStarShark"]
[Result "0-1"]
[WhiteElo "2008"]
[BlackElo "2330"]
[TimeControl "180+2"]
[EndTime "18:09:18 PST"]
[Termination "AllStarShark won by resignation"]

1. e4 e5 2. Nf3 Nc6 3. Bc4 Nf6 4.
d4 exd4 5. e5 d5 6. Bb5 Ne4 7.
Nxd4 Bd7 8. Bxc6 bxc6 9. Be3 Be7 10. O-O O-O 11. f3 Nc5 12. c3 Ne6 13. Nb3 a5 14. a4 Qb8 15. f4 Qb7 16. f5 Bg5 17. Bxg5 Nxg5 18. Kh1 Rab8 19. Nc5 Qxb2 20. Nxd7 Qxa1 21. f6 Ne4 22. Nxf8 Nf2+ 23. Kg1 Nxd1 0-1

[Event "*** Titled Tuesday 3|2 Blitz (Late)"]
[Site "Chess.com"]
[Date "2016.12.06"]
[Round "6"]
[White "Bigfish1995"]
[Black "Zlatan56"]
[Result "0-1"]
[WhiteElo "2705"]
[BlackElo "2669"]
[TimeControl "180+2"]
[EndTime "18:09:29 PST"]
[Termination "Zlatan56 won by resignation"]

1. e4 g6 2. d4 Bg7 3. Nf3 d6 4. c4 Nf6 5. Nc3 O-O 6. Be2 Na6 7.
O-O e5 8. Re1 Qe8 9. Bf1 Bg4 10.
d5 Nb4 11. Be2 a5 12. Be3 Na6 13. Nd2 Bd7 14. b3 Kh8 15. Nf1 Ng8 16. Ng3 f5 17.
exf5 gxf5 18. Nh5 f4 19. Nxg7 Kxg7 20. Bc1 Qg6 21. Bd3 Bf5 22. Bxf5 Rxf5 23. a3 Nf6 24. f3 Kh8 25. Ra2 Rg8 26. Qc2 Qh5 27. Re2 Rfg5 28. Rf2 Qh4 29. Ne2 Rxg2+ 0-1

[Event "*** Titled Tuesday 3|2 Blitz (Late)"]
[Site "Chess.com"]
[Date "2016.12.06"]
[Round "6"]
[White "jcibarra"]
[Black "amurdercastle"]
[Result "1-0"]
[WhiteElo "2619"]
[BlackElo "2403"]
[TimeControl "180+2"]
[EndTime "18:09:33 PST"]
[Termination "jcibarra won by resignation"]

1. e4 c6 2. d4 d5 3. e5 Bf5 4. h4 h5 5. Bd3 Bxd3 6. Qxd3 e6 7.
Bg5 Ne7 8. Nd2 Qb6 9. c4 Nd7 10. Ngf3 f6 11. exf6 gxf6 12. Bf4 Nf5 13. O-O Be7 14.
Rfe1 Nf8 15. cxd5 cxd5 16. Rac1 Rg8 17. Rc7 Ng6 18. Bh2 Ngxh4 19. Nxh4 Nxh4 20. Qh7 Rxg2+ 21. Kf1 Qxc7 22. Bxc7 Kd7 23. Bg3 Rxg3 24. fxg3 Nf5 25. Nf3 Nxg3+ 26. Kg2 Nf5 27. Kh3 Rf8 28. Rg1 Kd6 29.
Rg8 Rxg8 30. Qxg8 Kd7 31. Qb8 Kc6 32. Qc8+ Kd6 33. Qxb7 e5 34. Qa6+ Kd7 35. dxe5 d4 36. exf6 Bc5 37. Ne5+ Kd8 38. Qc6 1-0

[Event "*** Titled Tuesday 3|2 Blitz (Late)"]
[Site "Chess.com"]
[Date "2016.12.06"]
[Round "6"]
[White "AlexanderL"]
[Black "oskariot"]
[Result "1/2-1/2"]
[WhiteElo "2578"]
[BlackElo "2410"]
[TimeControl "180+2"]
[EndTime "18:09:39 PST"]
[Termination "Game drawn by agreement"]

1. d4 Nf6 2. c4 c5 3. d5 b5 4. Qc2 bxc4 5. e4 d6 6. Bxc4 g6 7. Nc3 Bg7 8. h3 O-O 9. Nf3 Ba6 10.
Bxa6 Nxa6 11. O-O Nd7 12. Bf4 Qb6 13. Rab1 Nc7 14. Rfc1 Nb5 15. Nxb5 Qxb5 16. Nd2 Rfb8 17. b3 Ne5 18. Nc4 Nxc4 19. bxc4 Qa6 20. Rb3 Rxb3 21.
axb3 Qa3 22. Rb1 a5 23. Bc1 Qb4 24. Bd2 Qa3 25. Bc3 Bxc3 26. Qxc3 Qb4 27. Qd3 Rb8 28. Ra1 Qxb3 29. Qxb3 Rxb3 30. Rxa5 Rb1+ 31. Kh2 Rc1 32.
e5 Rxc4 33. exd6 exd6 34. Ra6 Rd4 35. Rxd6 c4 36. Kg3 c3 37. Rc6 Rxd5 38. Rxc3 Kg7 39. Rc7 h5 40. Kh2 Rd3 41. g3 Kf6 42. Kg2 Rb3 43.
Rc6+ Kg7 44. Rc4 Rd3 45. Re4 Rc3 46. h4 Rb3 47. f3 Rc3 1/2-1/2

[Event "*** Titled Tuesday 3|2 Blitz (Late)"]
[Site "Chess.com"]
[Date "2016.12.06"]
[Round "6"]
[White "SPEEDSKATER"]
[Black "spirals5"]
[Result "0-1"]
[WhiteElo "2332"]
[BlackElo "2303"]
[TimeControl "180+2"]
[EndTime "18:09:44 PST"]
[Termination "spirals5 won by resignation"]

1. d4 d5 2. c4 e6 3. Nf3 Nf6 4.
Nc3 Be7 5. Bf4 c6 6. e3 Nbd7 7. Rc1 O-O 8. Bd3 h6 9. h3 b6 10. O-O Bb7 11. Qe2 a6 12. Rfd1 c5 13. cxd5 exd5 14. Bb1 Re8 15. Ne5 c4 16. Qf3 b5 17.
a3 Nf8 18. e4 dxe4 19. Nxe4 Bxe4 20. Bxe4 Nxe4 21. Qxe4 Bf6 22. Qc2 Qd5 23. Nf3 Rad8 24. Be5 Nd7 25. Rb1 Be7 26. b3 Bxa3 27. bxc4 Qxc4 28. Qf5 Qe6 29. Qf4 Nxe5 30. dxe5 Rxd1+ 31. Rxd1 Bc5 32. Rc1 Rc8 33. h4 b4 34. h5 b3 35.
Nh4 b2 36. Rb1 Ba3 37. Nf5 Rc1+ 38. Kh2 Rxb1 39. Qg4 Rh1+ 40. Kg3 Qxf5 41. Qxf5 b1=Q 42. Qc8+ Bf8 0-1

[Event "*** Titled Tuesday 3|2 Blitz (Late)"]
[Site "Chess.com"]
[Date "2016.12.06"]
[Round "6"]
[White "MaestroASK"]
[Black "Sethu0025"]
[Result "1-0"]
[WhiteElo "2469"]
[BlackElo "2602"]
[TimeControl "180+2"]
[EndTime "18:09:51 PST"]
[Termination "MaestroASK won by resignation"]

1. g3 d5 2. d3 e5 3. e4 dxe4 4. dxe4 Qxd1+ 5. Kxd1 Nf6 6. f3 Nc6 7. Bh3 Bxh3 8. Nxh3 O-O-O+ 9. Nd2 Bc5 10. c3 Rd7 11. Ke2 Rhd8 12. b4 Bf8 13. Nf2 b5 14. a4 a6 15. axb5 axb5 16. Nb3 Kb7 17. Be3 Rb8 18. Nd3 Kc8 19. Ra6 Rd6 20. Bc5 Nd4+ 21. cxd4 Rxa6 22. Bxf8 Ra3 23. Nd2 exd4 24. Bxg7 Ne8 25. Bxd4 Nd6 26.
Rc1 Ra2 27. Ke3 Rba8 28. Be5 Kd7 29. Bxd6 cxd6 30. f4 R8a3 31. h4 h5 32. g4 hxg4 33. h5 Rb2 34. h6 Rba2 35. Rg1 Ra8 36. Rxg4 Rh8 37. Rh4 Raa8 38. Nf3 Rag8 39. Nd4 Rg3+ 40. Ke2 Rg6 41. Nf5 Rg2+ 42. Ke3 Rg6 43. Kd4 Rh7 44.
Rh1 Rg2 45. Ra1 Rh8 46. Ra7+ Ke6 47. Re7+ Kf6 48. Rd7 Kg6 49. Nh4+ 1-0

[Event "*** Titled Tuesday 3|2 Blitz (Late)"]
[Site "Chess.com"]
[Date "2016.12.06"]
[Round "6"]
[White "Apocalyps999"]
[Black "Buffy7"]
[Result "0-1"]
[WhiteElo "2409"]
[BlackElo "2475"]
[TimeControl "180+2"]
[EndTime "18:10:03 PST"]
[Termination "Buffy7 won by resignation"]

1. e4 c5 2. Nf3 d6 3. d4 cxd4 4.
Nxd4 Nf6 5. Nc3 Nc6 6. Bg5 e6 7. Qd2 Bd7 8. O-O-O a6 9. f4 b5 10. e5 dxe5 11. Nxc6 Bxc6 12. Qxd8+ Rxd8 13. Rxd8+ Kxd8 14. fxe5 h6 15. Bh4 g5 16. Bxg5 hxg5 17. exf6 Bd6 18.
a4 bxa4 19. Bxa6 Bf4+ 20. Kb1 Bxg2 21. Rd1+ Kc7 22. Nxa4 Rxh2 23. Nc5 Bd6 24. Nd3 g4 25. c4 Be4 26. Kc1 g3 27. c5 Bxc5 28. Nxc5 Rc2+ 29. Kb1 Rxc5+ 30. Bd3 Bxd3+ 31. Rxd3 Rg5 32. Rd1 g2 33. Rg1 Kd6 34. b4 Ke5 35. Kb2 Kf4 36. Kb3 Kf3 37.
Kc4 Kf2 38. Rc1 g1=Q 39. Rxg1 Rxg1 40. Kc5 Rb1 0-1

[Event "*** Titled Tuesday 3|2 Blitz (Late)"]
[Site "Chess.com"]
[Date "2016.12.06"]
[Round "6"]
[White "Peroncio"]
[Black "FranklinAPalomo"]
[Result "0-1"]
[WhiteElo "2469"]
[BlackElo "2410"]
[TimeControl "180+2"]
[EndTime "18:10:20 PST"]
[Termination "FranklinAPalomo won by resignation"]

1. e4 c5 2. Nf3 d6 3. d4 cxd4 4.
Nxd4 Nf6 5. Nc3 e6 6. Bg5 a6 7. f4 Qb6 8. Qd2 Qxb2 9. Rb1 Qa3 10. e5 dxe5 11. fxe5 Nfd7 12. Be2 Qc5 13. O-O Qxd4+ 14.
Qxd4 Bc5 15. Qxc5 Nxc5 16. Bf3 Nbd7 17. Ne4 Nxe4 18. Bxe4 Nxe5 19. Bxb7 Bxb7 20. Rxb7 O-O 21. Bf4 Nc4 22. Bg3 f6 23. Rd1 Rfd8 24. Rxd8+ Rxd8 25. Ra7 e5 26. Rxa6 Rd1+ 27. Kf2 Rd2+ 28. Kf3 Rxc2 29. a4 Kf7 30. Be1 g5 31. a5 Ra2 32. Rc6 Nxa5 33.
Ra6 Ra3+ 34. Ke2 Nc4 35. Rc6 Ne3 36. Bb4 Rb3 37. Rc7+ Kg6 38. Bf8 Nf5 39. Rc6 Nd4+ 0-1

[Event "*** Titled Tuesday 3|2 Blitz (Late)"]
[Site "Chess.com"]
[Date "2016.12.06"]
[Round "6"]
[White "Astaneh"]
[Black "MFBerna"]
[Result "1-0"]
[WhiteElo "2454"]
[BlackElo "2194"]
[TimeControl "180+2"]
[EndTime "18:10:35 PST"]
[Termination "Astaneh won on time"]

1. d4 d5 2. Nf3 c6 3. c4 Nf6 4. Nc3 dxc4 5. e3 Bf5 6. Bxc4 e6 7.
O-O Nbd7 8. Re1 Bb4 9. e4 Bxc3 10. bxc3 Nxe4 11. Ba3 Qc7 12. Qb3 O-O-O 13. Nh4 Nd2 14. Qb4 Nxc4 15. Qxc4 Nb6 16. Qb3 Bd3 17. Bc5 Ba6 18. Nf3 Kb8 19. a4 Nc4 20. Ne5 Nxe5 21. dxe5 Rd3 22. Bd6 Rxd6 23. exd6 Qxd6 24. Red1 Qc5 25.
Rd7 Rc8 26. Rxf7 b6 27. Rxg7 Bc4 28. Qd1 Rf8 29. Qe1 Bd5 30. a5 b5 31. h4 Rf5 32. g4 Rf3 33. Qe5+ Ka8 34. Rg8+ 1-0

[Event "*** Titled Tuesday 3|2 Blitz (Late)"]
[Site "Chess.com"]
[Date "2016.12.06"]
[Round "6"]
[White "micfel"]
[Black "Larax"]
[Result "1-0"]
[WhiteElo "2276"]
[BlackElo "1892"]
[TimeControl "180+2"]
[EndTime "18:10:36 PST"]
[Termination "micfel won by resignation"]

1. e4 e5 2. Nf3 Nc6 3. Bb5 a6 4.
Ba4 Nf6 5. O-O Be7 6. Re1 b5 7.
Bb3 d6 8. c3 O-O 9. d3 Nb8 10.
Nbd2 Nbd7 11. Nf1 Bb7 12. Ng3 c5 13. Nf5 Re8 14. h3 Bf8 15. Ng5 d5 16. Qf3 c4 17.
Bc2 cxd3 18. Bxd3 dxe4 19. Bxe4 Nxe4 20. Nxe4 Nc5 21. Qg4 g6 22. Nxc5 Bxc5 23. Nh6+ Kf8 24. Bg5 Qd5 25. Rad1 Qe6 26. Qg3 f6 27. Be3 Bxe3 28.
Rxe3 Rad8 29. Rxd8 Rxd8 30. Ng4 h5 31. Nxe5 fxe5 32.
Rxe5 Qf6 33. f4 Rd1+ 34. Kf2 Rd2+ 35. Ke1 Rxg2 36. Qe3 Qd6 37. Re8+ Kf7 38. Rh8 Kg7 39. Re8 Kf7 40. Rh8 Qe6 41. Rf8+ Kxf8 42. Qxe6 Rg1+ 43. Kd2 Rg2+ 44. Kc1 Rg1+ 45. Kc2 Rg2+ 46. Kb3 Rd2 47. Qxg6 Bd5+ 48. Ka3 b4+ 49. cxb4 Rd3+ 50. Qxd3 1-0

[Event "*** Titled Tuesday 3|2 Blitz (Late)"]
[Site "Chess.com"]
[Date "2016.12.06"]
[Round "6"]
[White "Rumpel-VK"]
[Black "VitaliyBernadskiy"]
[Result "0-1"]
[WhiteElo "2455"]
[BlackElo "2564"]
[TimeControl "180+2"]
[EndTime "18:10:38 PST"]
[Termination "VitaliyBernadskiy won on time"]

1. e4 b6 2. d4 Bb7 3. Bd3 e6 4.
Ne2 Nf6 5. f3 c5 6. c3 d5 7. e5 Nfd7 8. O-O Nc6 9. f4 g6 10.
Nd2 c4 11. Bc2 b5 12. b3 Nb6 13. a4 cxb3 14. Bxb3 bxa4 15. Bxa4 Nxa4 16. Qxa4 Qd7 17.
Ba3 Ne7 18. Qxd7+ Kxd7 19. Nb3 Bc8 20. Bd6 Bh6 21. Nc5+ Ke8 22. g4 g5 23. f5 exf5 24.
Bxe7 Kxe7 25. gxf5 g4 26. f6+ Kd8 27. Nf4 Rg8 28.
Kg2 a6 29. Nxd5 Bf8 30. Kg3 Bxc5 31. dxc5 Be6 32. Ne7 Rg5 33. Rfd1+ Kc7 34. Kf4 Rh5 35. Nd5+ Kc6 36. Ra5 Bxd5 37. c4 Be6 38. Rd6+ Kc7 39.
c6 Rxh2 40. Ra3 Rf2+ 41. Kg3 Rxf6 42. Rb3 Rf3+ 43. Rxf3 gxf3 44. Kxf3 a5 45. Kf4 a4 46. Rd8 Rxd8 0-1

[Event "*** Titled Tuesday 3|2 Blitz (Late)"]
[Site "Chess.com"]
[Date "2016.12.06"]
[Round "6"]
[White "Fh2411"]
[Black "Wilsonpalencia"]
[Result "0-1"]
[WhiteElo "2359"]
[BlackElo "2465"]
[TimeControl "180+2"]
[EndTime "18:10:43 PST"]
[Termination "Wilsonpalencia won on time"]

1. d4 d5 2. Nf3 Nf6 3. Bf4 c5 4. e3 Nc6 5. Nbd2 Qb6 6. dxc5 Qxb2 7. Rb1 Qc3 8. Bb5 e6 9. O-O Be7 10. Nd4 Bd7 11. N2b3 Bxc5 12. Bd3 Nxd4 13. Nxc5 Qxc5 14. exd4 Qxd4 15. Bd6 b6 16. Rb4 Qc3 17. Qf3 Rc8 18. Rb3 Qd4 19. Qg3 Qg4 20. Qe3 Rc6 21. h3 d4 22. Qc1 Qh5 23. Qa3 Qd5 24. Bb4 a5 25. Be7 e5 26. Rfb1 Qe6 27. Bb5 Qxe7 28. Bxc6 Bxc6 29. Qxe7+ Kxe7 30. Rxb6 Rc8 31. Ra6 a4 32.
Ra5 Kd6 33. Rb6 Nd7 34. Rba6 Ke7 35. Ra7 f6 36. f3 Rb8 37. R5a6 Kd6 0-1

[Event "*** Titled Tuesday 3|2 Blitz (Late)"]
[Site "Chess.com"]
[Date "2016.12.06"]
[Round "6"]
[White "Alliswell998"]
[Black "Bishops83"]
[Result "0-1"]
[WhiteElo "2126"]
[BlackElo "2287"]
[TimeControl "180+2"]
[EndTime "18:10:51 PST"]
[Termination "Bishops83 won on time"]

1. e4 c5 2. Nf3 Nc6 3. d4 cxd4 4. Nxd4 Nf6 5. Nc3 e5 6. Ndb5 d6 7. Bg5 a6 8. Na3 b5 9. Nd5 Be7 10. Bxf6 Bxf6 11. c4 b4 12. Nc2 O-O 13. g3 Bg5 14. Bg2 Rb8 15. Qd3 Ne7 16. Ndxb4 a5 17. Nd5 Nxd5 18.
cxd5 Rxb2 19. O-O Qb6 20. h4 Ba6 21. Qa3 Bxf1 22. Rxf1 Rxc2 23. hxg5 Rfc8 24. Qa4 Qb4 25. Qd7 a4 26. Bh3 Rb8 27. Bf5 a3 28. Kg2 g6 29.
Be6 Qxe4+ 30. Kg1 Qf3 31. Qxd6 Rbb2 32. Qd8+ Kg7 33. d6 Qxg3+ 34. Kh1 Rxf2 35. Rxf2 Rxf2 0-1

[Event "*** Titled Tuesday 3|2 Blitz (Late)"]
[Site "Chess.com"]
[Date "2016.12.06"]
[Round "6"]
[White "nonscitis"]
[Black "visa"]
[Result "1-0"]
[WhiteElo "2367"]
[BlackElo "2142"]
[TimeControl "180+2"]
[EndTime "18:11:16 PST"]
[Termination "nonscitis won by checkmate"]

1. d4 e6 2. c4 b6 3. a3 Bb7 4.
Nc3 f5 5. Nf3 Nf6 6. d5 Bd6 7.
e3 c6 8. Bd3 cxd5 9. cxd5 Nxd5 10. Nxd5 Bxd5 11. Bxf5 O-O 12. e4 exf5 13. Qxd5+ Kh8 14.
Qxd6 fxe4 15. Bg5 Qe8 16. Ne5 Rf5 17. Be7 Rxe5 18. Qxe5 Nc6 19. Qxe4 Qxe7 20. Qxe7 Nxe7 21. O-O Nc6 22. Rfd1 Rd8 23. Rac1 Na5 24. Rc7 d5 25. Rxd5 Re8 26. Rd1 h6 27. g3 a6 28. Rdd7 Rg8 29.
Rd3 b5 30. b3 Ra8 31. Rcd7 Kh7 32. a4 bxa4 33. bxa4 Nc4 34. Rc3 Nb6 35. Rd4 Re8 36. Kg2 Re6 37. a5 Rf6 38. axb6 Rxb6 39. Rdc4 a5 40. Rc6 Rb5 41. R3c5 Rb4 42. Rxa5 Rb3 43.
Ra7 Rb5 44. Rcc7 Rg5 45. h4 Rg6 46. f4 h5 47. f5 Rg4 48. f6 Kg8 49. Rxg7+ Rxg7 50. Rxg7+ Kh8 51. Rg5 Kh7 52. f7 Kh6 53. f8=Q+ Kh7 54.
Qg7# 1-0

[Event "*** Titled Tuesday 3|2 Blitz (Late)"]
[Site "Chess.com"]
[Date "2016.12.06"]
[Round "6"]
[White "wonderfultime"]
[Black "dretch"]
[Result "1-0"]
[WhiteElo "2681"]
[BlackElo "2586"]
[TimeControl "180+2"]
[EndTime "18:11:41 PST"]
[Termination "wonderfultime won on time"]

1. d4 d5 2. Bf4 c5 3. c3 Nc6 4. e3 Nf6 5. Nf3 Qb6 6. Qc1 Bf5 7. Nbd2 e6 8. Be2 Be7 9. h3 O-O 10. O-O Rac8 11. Nb3 c4 12. Nbd2 Qd8 13. Ne5 Nxe5 14. Bxe5 Nd7 15. Bh2 b5 16. a3 a5 17. Re1 Qb6 18. Bf1 Nf6 19. Be5 Bg6 20. f3 b4 21.
axb4 axb4 22. e4 Nd7 23. Bg3 Rfe8 24. Ra4 Qc6 25. Ra7 Bf8 26. Qa1 Nb6 27. Qa6 Ra8 28. exd5 Rxa7 29. Qxa7 Nxd5 30. Nxc4 bxc3 31. Ne5 Qd6 32.
bxc3 Nxc3 33. Rc1 Nd5 34. Kh2 Qe7 35. Qa6 Qg5 36. Rc8 Qe7 37. Bb5 Rxc8 38. Qxc8 Nb6 39. Qb8 Qd6 40. Qb7 Qxd4 41. Nc6 1-0

[Event "*** Titled Tuesday 3|2 Blitz (Late)"]
[Site "Chess.com"]
[Date "2016.12.06"]
[Round "6"]
[White "1e41-0"]
[Black "ecwinslow"]
[Result "1-0"]
[WhiteElo "2204"]
[BlackElo "2082"]
[TimeControl "180+2"]
[EndTime "18:11:44 PST"]
[Termination "1e41-0 won by checkmate"]

1. e4 c5 2. Nf3 d6 3. d4 cxd4 4.
Nxd4 Nf6 5. Nc3 a6 6. h3 e5 7. Nde2 h5 8. Bg5 Nbd7 9. g3 Be7 10. Bg2 b5 11. Qd2 Bb7 12. a3 Rc8 13. O-O-O Qb6 14. g4 Qxf2 15. Rdg1 Qc5 16. Be3 Qc4 17. gxh5 Nxe4 18.
Bxe4 Bxe4 19. Nxe4 Qxe4 20. Nc3 Qc4 21. Nd5 Nf6 22.
Nxe7 Kxe7 23. Rxg7 Qa2 24. Qg2 d5 25. Bg5 Qa1+ 26.
Kd2 Qxb2 27. Bxf6+ Kd6 28. Rc1 Rxh5 29. Qg4 Qc3+ 30. Kd1 Rxh3 31. Bxe5+ Qxe5 32. Qxh3 Qxg7 33. Qxc8 Qd4+ 34. Ke2 Qe4+ 35. Kf2 Qf4+ 36. Kg2 Qxc1 37. Qd8+ Ke5 38. Qe7+ Kd4 39. Qf6+ Kc4 40. Qc6+ Kd4 41. Qf6+ Kc5 42. Qe7+ Kc4 43. Qb4# 1-0

[Event "*** Titled Tuesday 3|2 Blitz (Late)"]
[Site "Chess.com"]
[Date "2016.12.06"]
[Round "6"]
[White "Divertissement"]
[Black "Kawhi_Leonard2"]
[Result "1-0"]
[WhiteElo "2426"]
[BlackElo "2232"]
[TimeControl "180+2"]
[EndTime "18:11:50 PST"]
[Termination "Divertissement won on time"]

1. e4 c5 2. Nf3 d6 3. d4 cxd4 4.
Nxd4 Nf6 5. Nc3 g6 6. Be3 Bg7 7.
f3 Nc6 8. Bc4 O-O 9. h4 h5 10.
Qd2 Bd7 11. Bb3 Ne5 12. O-O-O Rc8 13. Kb1 Nc4 14. Bxc4 Rxc4 15. b3 Rc5 16. Nde2 Rc8 17. Bh6 Qa5 18. Nd5 Qxd2 19. Nxe7+ Kh7 20. Bxd2 Rce8 21.
Bb4 Rxe7 22. Bxd6 Rfe8 23. Bxe7 Rxe7 24. Nf4 Bc6 25. Rhe1 Nd7 26. Nd5 Re8 27. Nb4 Ne5 28. Nxc6 bxc6 29. f4 Ng4 30. Rd7 Nf6 31. Rxf7 Nxe4 32.
Kc1 a5 33. f5 gxf5 34. Rxf5 Bh6+ 35. Kb2 Bg7+ 36. Ka3 Bc3 37. Rd1 Bb4+ 38. Kb2 Bc3+ 39. Kc1 Kg6 40. Rf3 Re5 41. Rd8 Bb4 42. Kb2 Rc5 43. c4 Re5 44. Rg8+ Kh7 45. Rd8 1-0